Workbook

Sheet Simulateur
A1: Simulateur de revenus Twitch (France) - centre-affaires-92.fr
A2: Cellules vertes : à remplir. Cellules violettes : calculées. Estimation indicative, hors frais de change réels.
A4: 1. Paramètres
A5: Prix TTC d'un abonnement de niveau 1 (web, France) | B5: 4.99 | C5: Prix Twitch France sur navigateur, octobre 2026
A6: Prix TTC d'un abonnement de niveau 2 | B6: 7.99 | C6: À vérifier au moment du calcul
A7: Prix TTC d'un abonnement de niveau 3 | B7: 19.99 | C7: À vérifier au moment du calcul
A8: Taux de TVA appliqué au prix | B8: 0.2 | C8: TVA française : 20 %
A9: Votre part des revenus d'abonnement | B9: 0.5 | C9: 50 % standard, 60 % ou 70 % avec le programme Plus
A10: Frais de traitement et autres déductions (estimation) | B10: 0 | C10: Laissez 0 % si inconnu ; ajustez avec vos relevés
A11: Taux de change : 1 $ = ... € | B11: 0.86 | C11: Exemple à remplacer par le taux du jour (Twitch paie en dollars)
A12: Taux de cotisations sociales micro-entrepreneur | B12: 0.256 | C12: BNC, profession libérale non réglementée, 2026 (hors versement libératoire)
A14: 2. Votre activité du mois
A15: Abonnés payants de niveau 1 | B15: 100 | C15: Abonnements récurrents et nouveaux
A16: Abonnés payants de niveau 2 | B16: 5
A17: Abonnés payants de niveau 3 | B17: 2
A18: Abonnements offerts (cadeaux) de niveau 1 | B18: 20
A19: Bits reçus (cheers) | B19: 5000 | C19: Le streamer touche 0,01 $ par Bit
A20: Revenus publicitaires du mois (en dollars) | B20: 30 | C20: À lire dans vos statistiques de revenus
A21: Autres revenus hors Twitch (dons, sponsors, affiliation) | B21: 0
A23: 3. Résultats
A24: Valeur nette d'un abonnement de niveau 1 | B24: =B5/(1+B8)*B9*(1-B10) | C24: Prix hors TVA x votre part x (1 - frais)
A25: Valeur nette d'un abonnement de niveau 2 | B25: =B6/(1+B8)*B9*(1-B10)
A26: Valeur nette d'un abonnement de niveau 3 | B26: =B7/(1+B8)*B9*(1-B10)
A27: Revenus des abonnements | B27: =(B15+B18)*B24+B16*B25+B17*B26
A28: Revenus des Bits | B28: =B19*0.01*B11
A29: Revenus publicitaires | B29: =B20*B11
A30: Total Twitch du mois | B30: =B27+B28+B29
A31: Total du mois avec autres revenus | B31: =B30+B21
A32: Estimation sur 12 mois au même rythme | B32: =B31*12
A33: Cotisations sociales estimées (micro-entreprise) | B33: =B31*B12 | C33: Calculées sur le chiffre d'affaires encaissé
A34: Reste après cotisations (avant impôt sur le revenu) | B34: =B31-B33
A35: Points Plus du mois (niveau 1 = 1, niveau 2 = 2, niveau 3 = 6) | B35: =B15+B16*2+B17*6 | C35: 100 points 3 mois de suite : 60/40 ; 300 points : 70/30 (abonnements offerts exclus)

Sheet Subs en euros
A1: Valeur mensuelle d'abonnements de niveau 1 payés en France (4,99 € TTC)
A3: Nombre de subs | B3: Part 50 % | C3: Part 60 % | D3: Part 70 % | E3: Coût pour les viewers
A4: 1 | B4: =A4*Simulateur!$B$5/(1+Simulateur!$B$8)*0.5*(1-Simulateur!$B$10) | C4: =A4*Simulateur!$B$5/(1+Simulateur!$B$8)*0.6*(1-Simulateur!$B$10) | D4: =A4*Simulateur!$B$5/(1+Simulateur!$B$8)*0.7*(1-Simulateur!$B$10) | E4: =A4*Simulateur!$B$5
A5: 5 | B5: =A5*Simulateur!$B$5/(1+Simulateur!$B$8)*0.5*(1-Simulateur!$B$10) | C5: =A5*Simulateur!$B$5/(1+Simulateur!$B$8)*0.6*(1-Simulateur!$B$10) | D5: =A5*Simulateur!$B$5/(1+Simulateur!$B$8)*0.7*(1-Simulateur!$B$10) | E5: =A5*Simulateur!$B$5
A6: 10 | B6: =A6*Simulateur!$B$5/(1+Simulateur!$B$8)*0.5*(1-Simulateur!$B$10) | C6: =A6*Simulateur!$B$5/(1+Simulateur!$B$8)*0.6*(1-Simulateur!$B$10) | D6: =A6*Simulateur!$B$5/(1+Simulateur!$B$8)*0.7*(1-Simulateur!$B$10) | E6: =A6*Simulateur!$B$5
A7: 50 | B7: =A7*Simulateur!$B$5/(1+Simulateur!$B$8)*0.5*(1-Simulateur!$B$10) | C7: =A7*Simulateur!$B$5/(1+Simulateur!$B$8)*0.6*(1-Simulateur!$B$10) | D7: =A7*Simulateur!$B$5/(1+Simulateur!$B$8)*0.7*(1-Simulateur!$B$10) | E7: =A7*Simulateur!$B$5
A8: 100 | B8: =A8*Simulateur!$B$5/(1+Simulateur!$B$8)*0.5*(1-Simulateur!$B$10) | C8: =A8*Simulateur!$B$5/(1+Simulateur!$B$8)*0.6*(1-Simulateur!$B$10) | D8: =A8*Simulateur!$B$5/(1+Simulateur!$B$8)*0.7*(1-Simulateur!$B$10) | E8: =A8*Simulateur!$B$5
A9: 200 | B9: =A9*Simulateur!$B$5/(1+Simulateur!$B$8)*0.5*(1-Simulateur!$B$10) | C9: =A9*Simulateur!$B$5/(1+Simulateur!$B$8)*0.6*(1-Simulateur!$B$10) | D9: =A9*Simulateur!$B$5/(1+Simulateur!$B$8)*0.7*(1-Simulateur!$B$10) | E9: =A9*Simulateur!$B$5
A10: 500 | B10: =A10*Simulateur!$B$5/(1+Simulateur!$B$8)*0.5*(1-Simulateur!$B$10) | C10: =A10*Simulateur!$B$5/(1+Simulateur!$B$8)*0.6*(1-Simulateur!$B$10) | D10: =A10*Simulateur!$B$5/(1+Simulateur!$B$8)*0.7*(1-Simulateur!$B$10) | E10: =A10*Simulateur!$B$5
A11: 1000 | B11: =A11*Simulateur!$B$5/(1+Simulateur!$B$8)*0.5*(1-Simulateur!$B$10) | C11: =A11*Simulateur!$B$5/(1+Simulateur!$B$8)*0.6*(1-Simulateur!$B$10) | D11: =A11*Simulateur!$B$5/(1+Simulateur!$B$8)*0.7*(1-Simulateur!$B$10) | E11: =A11*Simulateur!$B$5
A12: 5000 | B12: =A12*Simulateur!$B$5/(1+Simulateur!$B$8)*0.5*(1-Simulateur!$B$10) | C12: =A12*Simulateur!$B$5/(1+Simulateur!$B$8)*0.6*(1-Simulateur!$B$10) | D12: =A12*Simulateur!$B$5/(1+Simulateur!$B$8)*0.7*(1-Simulateur!$B$10) | E12: =A12*Simulateur!$B$5
A13: 10000 | B13: =A13*Simulateur!$B$5/(1+Simulateur!$B$8)*0.5*(1-Simulateur!$B$10) | C13: =A13*Simulateur!$B$5/(1+Simulateur!$B$8)*0.6*(1-Simulateur!$B$10) | D13: =A13*Simulateur!$B$5/(1+Simulateur!$B$8)*0.7*(1-Simulateur!$B$10) | E13: =A13*Simulateur!$B$5
A15: Montants avant frais de paiement et de change. Les prix diffèrent dans les autres pays (tarification locale).
